 Dungeon Crawl Stone Soup version 0.30-a0-626-gd6a5dd7a1f (webtiles) character file.

Game seed: 38838943379249208

2694 KennySheep the Destroyer (level 9, -9/45 HPs)
             Began as a Deep Elf Fire Elementalist on Jan 12, 2023.
             Was a Priest of Lugonu.
             Mangled by a two-headed ogre
             ... wielding a +0 giant club
              (21 damage)
             ... on level 8 of the Dungeon.
             The game lasted 00:18:56 (7339 turns).

KennySheep the Destroyer (DEFE)                     Turns: 7339, Time: 00:18:56

Health: -9/45      AC:  8    Str:  1    XL:     9   Next: 38%
Magic:  20/31      EV: 13    Int: 25    God:    Lugonu [***...]
Gold:   141        SH:  5    Dex: 19    Spells: 8/22 levels left

rFire   . . .      SeeInvis .    (no weapon)
rCold   + . .      Faith    .    (no shield)
rNeg    . . .      Spirit   .    F - +0 steam dragon scales
rPois   .          Reflect  +    (no helmet)
rElec   .          Harm     .    p - +0 cloak
rCorr   +          Rampage  .    (no gloves)
Will    .....                    (no boots)
Stlth   ++                       l - amulet of reflection
HPRegen 1.07/turn                i - ring of resist corrosion
MPRegen 0.22/turn                w - ring of Yceseces {rC+ MP+9 Str-4 Dex+4}

@: very slightly contaminated, slowed, very slow
A: iridescent scales 1, regeneration 1
a: Renounce Religion, Depart the Abyss, Banish


You were on level 8 of the Dungeon.
You worshipped Lugonu.
Lugonu was most pleased with you.
You visited 1 branch of the dungeon, and saw 8 of its levels.
You also visited: Ossuary.

You collected 283 gold pieces.
You spent 142 gold pieces at shops.

Inventory:

Missiles
 x - 2 throwing nets
Armour
 a - a +0 robe
 p - a +0 cloak (worn)
 F - +0 steam dragon scales (worn)
Jewellery
 c - an amulet of guardian spirit
 g - the ring "Gymonko" {rPois rF- rC+ SInv}
   (You acquired it in an ossuary)

   [ring of protection from cold]

   rF:        It makes you vulnerable to fire.
   rC:        It protects you from cold.
   rPois:     It protects you from poison.
   SInv:      It lets you see invisible.
 i - a ring of resist corrosion (left hand)
 l - an amulet of reflection (around neck)
 w - the ring of Yceseces (right hand) {rC+ MP+9 Str-4 Dex+4}
   (You found it on level 5 of the Dungeon)

   [ring of magical power]

   Str:       It affects your strength (-4).
   Dex:       It affects your dexterity (+4).
   rC:        It protects you from cold.
   MP:        It affects your magic capacity (+9).
Wands
 o - a wand of flame (37)
 t - a wand of charming (11)
 E - a wand of quicksilver (13)
Scrolls
 d - 3 scrolls of teleportation
 f - 3 scrolls of noise
 h - a scroll of amnesia
 j - a scroll of immolation
 q - a scroll of poison
 u - a scroll of vulnerability
 y - 3 scrolls of blinking
 z - a scroll of fog
 C - a scroll of fear
Potions
 b - 3 potions of magic
 e - a potion of might
 k - 2 potions of heal wounds
 m - 2 potions of resistance
 n - a potion of curing
 r - 2 potions of degeneration {unknown}
 s - 2 potions of haste
 v - a potion of attraction {unknown}
 A - a potion of invisibility
 B - a potion of lignification {unknown}


   Skills:
 - Level 2.4 Dodging
 - Level 2.4 Stealth
 + Level 7.4 Spellcasting
 * Level 8.2 Conjurations
 - Level 6.5 Fire Magic
 * Level 5.7 Earth Magic
 + Level 5.4 Invocations


You had 8 spell levels left.
You knew the following spells:

 Your Spells              Type           Power      Damage    Failure   Level
a - Foxfire               Conj/Fire      100%       2x1d9     1%          1
b - Scorch                Fire           84%        2d9       1%          2
c - Flame Wave            Conj/Fire      46%        2d12      3%          4
d - Sandblast             Erth           74%        2d16      1%          1
e - Iron Shot             Conj/Erth      22%        9d5       50%         6

Your spell library contained the following spells:

 Spells                   Type           Power      Damage    Failure   Level
 Inner Flame              Hex/Fire       25%        N/A       4%          3
 Kindle Blastsparks       Fire/Tloc/Air  40%        2d13      8%          3
 Fireball                 Conj/Fire      23%        3d11      9%          5
 Poisonous Vapours        Pois/Air       18%        N/A       10%         2
 Starburst                Conj/Fire      23%        6d8       43%         6
 Shatter                  Erth           18%        3d17*     100%        9


Dungeon Overview and Level Annotations

Branches:
Dungeon (8/15)             Temple (0/1) D:4         Ossuary (visited)
   Lair: D:8-11

Altars:
Hepliaklqana
Makhleb
Qazlal
Vehumet
Lugonu

Shops:
D:5 ?

Annotations:
D:3 3 runed translucent doors, ragingrage's ghost, weakling TrMo
D:5 2 runed translucent doors, drugrobin's ghost, weakling DgDe
D:6 2 transporters


Innate Abilities, Weirdness & Mutations

You are partially covered in iridescent scales. (AC +2)
Your natural rate of healing is unusually fast.


Message History

You are poisoned.
You feel yourself slow down.
You feel sick.
The hornet stings you but does no damage.
Casting: Scorch (safe; 1% risk of failure)
Confirm with . or Enter, or press ? or * to list all spells.
Casting: Flame Wave (dangerous; 3% risk of failure)
Press: ? - help, Dir - look around, f - activate You miscast Flame Wave.
You are very lightly contaminated with residual magic.
You are blasted with searing flames.
You feel sick. The hornet stings you!
You feel as though you will be slow longer.
The hornet barely misses you.
Casting: Flame Wave (dangerous; 3% risk of failure)
Confirm with . or Enter, or press ? or * to list all spells.
Casting: Flame Wave (dangerous; 3% risk of failure)
Press: ? - help, Dir - look around, f - activate A wave of flame ripples out!
The flame wave engulfs the hornet!
The hornet is burned terribly!
The hornet is severely wounded. (Press . to intensify the flame waves.)
You feel sick. The hornet closely misses you. The hornet misses you.
A wave of flame ripples out!
The flame wave engulfs the hornet!
The hornet is burned terribly!
The hornet is almost dead.
The flame wave engulfs the two-headed ogre!
The two-headed ogre is lightly wounded.
You feel sick.
The hornet is no longer more vulnerable to fire.
The hornet barely misses you. The hornet stings you!
* * * LOW HITPOINT WARNING * * *
You feel as though you will be slow longer.
A wave of flame ripples out!
The flame wave engulfs the hornet!
You kill the hornet!
Lugonu accepts your kill.
The flame wave engulfs the two-headed ogre.
The two-headed ogre is moderately wounded.
You finish channelling waves of flame.
You feel sick.
You are no longer poisoned.
The two-headed ogre hits you with a +0 giant club!!
You die...

#########
#..>....###########..
#.#####.....@O.......
#.# ########...~~..
#.# .##~~P. #####.#
##


PP♣ ......# ♣ .###### .# .# .# You could see a two-headed ogre.

Vanquished Creatures
  Joseph (D:7)
  A hornet (D:8)
  Prince Ribbit (D:7)
  A steam dragon (D:8)
  3 water moccasins
  A black bear (D:5)
  2 ogres
  A centaur (D:8)
  A phantom (D:6)
  A bullfrog (D:8)
  A gnoll sergeant (D:7)
  5 wights (D:7)
  3 killer bees (D:7)
  A vampire bat (D:5)
  3 centaur zombies (Ossuary)
  3 hounds
  Crazy Yiuf (D:2)
  An orc priest (D:6)
  3 jellies
  2 iguanas
  2 orc wizards (D:6)
  6 mummies (Ossuary)
  5 gnolls (D:7)
  4 adders
  2 white imps
  An ufetubus (D:7)
  A worm (D:2)
  A dart slug (D:1)
  11 orcs
  A spectral bat (D:5)
  2 ball pythons (D:2)
  15 bats
  3 bat skeletons (D:5)
  5 endoplasms
  5 giant cockroaches
  6 goblins
  2 hobgoblins
  3 jackals (D:2)
  5 quokkas
  3 frilled lizards
  3 hobgoblin zombies (Ossuary)
  10 kobolds
  3 rats
135 creatures vanquished.

Vanquished Creatures (collateral kills)
  2 foxfires (D:1)
2 creatures vanquished.

Vanquished Creatures (others)
  An orc wizard (D:8)
  95 foxfires
96 creatures vanquished.

Grand Total: 233 creatures vanquished

Notes
Turn   | Place    | Note
-------+----------+-------------------------------------------
     0 | D:1      | KennySheep the Deep Elf Fire Elementalist began the quest
                  | for the Orb.
     0 | D:1      | Reached XP level 1. HP: 10/10 MP: 6/6
   106 | D:1      | Found a faded altar of an unknown god.
   117 | D:1      | Prayed at the altar of an unknown god.
   117 | D:1      | Became a worshipper of Lugonu the Unformed
   117 | D:1      | Reached * piety under Lugonu
   206 | D:1      | Reached XP level 2. HP: 15/15 MP: 6/8
   209 | D:1      | Learned a level 2 spell: Scorch
   700 | D:2      | Reached skill level 2 in Conjurations
   700 | D:2      | Reached XP level 3. HP: 19/19 MP: 6/9
   818 | D:2      | You fall into a shaft and drop 2 floors!
   835 | D:4      | Noticed an ogre
   890 | D:3      | Reached skill level 1 in Invocations
  1022 | D:3      | Found a runed translucent gate.
  1022 | D:3      | Found a runed translucent gate.
  1023 | D:3      | Found a runed translucent gate.
  1025 | D:3      | Noticed ragingrage's ghost (weakling TrMo)
  1042 | D:3      | Reached XP level 4. HP: 24/24 MP: 4/11
  1836 | D:2      | Found a runed translucent door.
  1837 | D:2      | Noticed Crazy Yiuf
  1903 | D:2      | Reached skill level 3 in Conjurations
  2130 | D:2      | Reached ** piety under Lugonu
  2658 | D:2      | Killed Crazy Yiuf
  2659 | D:2      | Reached XP level 5. HP: 28/28 MP: 7/12
  2668 | D:2      | Gained mutation: You have large cloven feet. [potion of
                  | mutation]
  2668 | D:2      | Gained mutation: You are vulnerable to cold. (rC-) [potion
                  | of mutation]
  2821 | D:3      | Learned a level 4 spell: Flame Wave
  3039 | D:4      | Killed an ogre
  3040 | D:4      | Reached skill level 5 in Fire Magic
  3311 | D:4      | Got the Guide on Crystalline Toxins
  3368 | D:4      | Reached skill level 4 in Conjurations
  3368 | D:4      | Reached XP level 6. HP: 32/32 MP: 5/14
  3723 | D:4      | Found a staircase to the Ecumenical Temple.
  3809 | D:4      | Found a stormy altar of Qazlal.
  3810 | D:4      | Found a radiant altar of Vehumet.
  3941 | D:5      | Entered Level 5 of the Dungeon
  3997 | D:5      | Found a runed translucent door.
  3999 | D:5      | Noticed drugrobin's ghost (weakling DgDe)
  4128 | D:5      | Found a runed translucent door.
  4167 | D:5      | Found a burning altar of Makhleb.
  4284 | D:5      | Identified the ring of Yceseces {rC+ MP+9 Str-4 Dex+4}
  4450 | D:5      | Noticed a water moccasin
  4454 | D:5      | Killed a water moccasin
  4455 | D:5      | Reached XP level 7. HP: 35/36 MP: 4/16
  4515 | D:5      | Reached skill level 5 in Spellcasting
  4587 | D:5      | Found Hiramiec's Magic Scroll Shop.
  4597 | D:5      | Bought a scroll of identify for 30 gold pieces
  4597 | D:5      | Bought a scroll of blinking for 112 gold pieces
  4732 | D:5      | Reached skill level 5 in Conjurations
  5038 | D:6      | Found a sand-covered staircase.
  5043 | Ossuary  | Entered an ossuary
  5169 | Ossuary  | Identified a scroll of acquirement
  5176 | Ossuary  | Acquired the ring "Gymonko" {rPois rF- rC+ SInv}
  5178 | Ossuary  | Lost mutation: You are vulnerable to cold. (rC-) [potion of
                  | mutation]
  5178 | Ossuary  | Lost mutation: You have large cloven feet. [potion of
                  | mutation]
  5178 | Ossuary  | Gained mutation: Your natural rate of healing is unusually
                  | fast. [potion of mutation]
  5178 | Ossuary  | Gained mutation: You are partially covered in iridescent
                  | scales. (AC +2) [potion of mutation]
  5303 | D:6      | Learned a level 1 spell: Sandblast
  5310 | D:6      | Learned a level 6 spell: Iron Shot
  5335 | D:6      | Reached skill level 6 in Conjurations
  5335 | D:6      | Reached skill level 1 in Earth Magic
  5335 | D:6      | Reached XP level 8. HP: 40/41 MP: 18/18
  5374 | D:6      | Found a transporter.
  5437 | D:6      | Found a transporter.
  5540 | D:6      | Reached *** piety under Lugonu
  5641 | D:6      | Found a hazy altar of Hepliaklqana.
  6193 | D:7      | Reached skill level 7 in Conjurations
  6229 | D:7      | Noticed Prince Ribbit
  6239 | D:7      | Killed Prince Ribbit
  6240 | D:7      | Reached XP level 9. HP: 34/45 MP: 16/21
  6835 | D:7      | Noticed Joseph
  6846 | D:7      | Killed Joseph
  6847 | D:7      | Reached skill level 5 in Earth Magic
  6847 | D:7      | Reached skill level 5 in Invocations
  7123 | D:8      | Reached skill level 8 in Conjurations
  7332 | D:8      | Noticed a two-headed ogre
  7339 | D:8      | Mangled by a two-headed ogre

Illustrated notes

Levels and vault maps discovered:
D:1:      dpeg_arrival_more_subterranean_lakeside_camping, layout_rooms,
          shapermc_ecumenical_altar_acropolis, minmay_misc_feat_tower,
          corner_web_ring
D:2:      layout_basic, uniq_crazy_yiuf_cottage
D:3:      layout_loops_ring, gammafunk_ghost_necromancy
D:4:      layout_rooms, nicolae_overflow_squiral, temple_hall,
          serial_co_window_serial, co_window_paths_a, co_window_corner_a,
          co_window_paths_a, co_window_paths_a, co_window_paths_b,
          co_window_paths_b, co_window_paths_a, co_window_2corner,
          co_window_broadway_b, co_window_paths_c, co_window_corner_b,
          co_window_unsneaky_path_b, co_window_of_opportunity_b,
          co_window_paths_e, glass_columns_c, glass_columns_b, glass_columns_a,
          solitary_fountain
D:5:      layout_basic, mainiacjoe_overflow_cross_hatched, serial_shops,
          shop_scrolls, ebering_ghost_sewer_f, goddamned_bats
D:6:      gammafunk_cloud_chamber, layout_basic,
          nicolae_hepliaklqana_hippocampus, enter_ossuary_2, skrybe_limestone_x
D:7:      layout_basic, uniq_joseph, uniq_prince_ribbit1
D:8:      layout_loops_ring, nicolae_elyvilon_peaceful_grove, uniq_maurice

Skill      XL: |  1  2  3  4  5  6  7  8  9 |
---------------+----------------------------+-----
Conjurations   | 2 3 4 6 7 8 |  8.2
Fire Magic     | 4 5 6 |  6.5
Invocations    | 1 2 3 4 5 |  5.4
Spellcasting   | 4 5 6 7 |  7.4
Earth Magic    | 1 4 5 |  5.7
Dodging        | |  2.4
Stealth        | |  2.4

Action                   |  1- 3 |  4- 6 |  7- 9 || total
-------------------------+-------+-------+-------++-------
Melee: Unarmed           |     1 |    22 |     9 ||    32
       Kick              |       |       |     5 ||     5
 Cast: Foxfire           |    16 |     3 |    42 ||    61
       Scorch            |    18 |    55 |    57 ||   130
       Flame Wave        |       |       |    11 ||    11
       Sandblast         |       |       |     2 ||     2
  Use: Potion            |       |     3 |     7 ||    10
       Scroll            |       |     2 |     9 ||    11
Armor: Robe              |     1 |     6 |    39 ||    46
       Steam dragon scal |       |       |     1 ||     1
Dodge: Dodged            |     5 |    21 |    99 ||   125
Block: Other             |       |     2 |    37 ||    39
       Reflection        |       |       |     1 ||     1

Table legend: (Time is in decaauts)
 A = Elapsed time spent in this place.
 B = Non-inter-level travel time spent in this place.
 C = Inter-level travel time spent in this place.
 D = Time resting spent in this place.
 E = Time spent auto-exploring this place.
 F = Levels seen in this place.
 G = Mean time per level.
                   A        B        C        D        E       F      G
               +--------+--------+--------+--------+--------+-----+--------+
         Total |   7321 |   7072 |    249 |    462 |   5778 |   9 |  813.4 |
       Dungeon |   7182 |   6933 |    249 |    403 |   5778 |   8 |  897.8 |
       Ossuary |    139 |    139 |      0 |     59 |      0 |   1 |  139.0 |
               +--------+--------+--------+--------+--------+-----+--------+

Top non-repeatable levels by time:
     D:2: 1189 daAuts
     D:7: 1155 daAuts
     D:4: 1118 daAuts
     D:5: 1070 daAuts
     D:3: 942 daAuts
     D:6: 770 daAuts
     D:1: 691 daAuts
     D:8: 243 daAuts
 Ossuary: 139 daAuts
